 Dungeon Crawl Stone Soup version 0.29.1-15-g9cfb28693d (webtiles) character file.

Game seed: 6496882090904458736

596 kingofthe the Conjurer (level 7, -3/36 HPs)
             Began as a Deep Elf Conjurer on Mar 4, 2023.
             Slain by an ice beast (8 damage)
             ... on level 5 of the Dungeon.
             The game lasted 00:11:27 (5228 turns).

kingofthe the Conjurer (Deep Elf Conjurer)          Turns: 5228, Time: 00:11:28

Health: -3/36      AC:  3    Str:  4    XL:     7   Next: 17%
Magic:  8/16       EV: 13    Int: 25    God:
Gold:   236        SH:  0    Dex: 13    Spells: 10/16 levels left

rFire   . . .      SeeInvis .   t - +1 spear (venom)
rCold   . . .      Faith    .   (no shield)
rNeg    . . .      Spirit   .   a - +0 robe
rPois   .          Reflect  .   (no helmet)
rElec   .          Harm     .   (no cloak)
rCorr   .          Rampage  .   (no gloves)
Will    .....                   p - +0 pair of boots
Stlth   +++.......              (no amulet)
HPRegen 0.12/turn               (no ring)
MPRegen 0.15/turn               (no ring)

@: no status effects
A: no striking features
a: no special abilities


You were on level 5 of the Dungeon.
You visited 1 branch of the dungeon, and saw 5 of its levels.

You collected 236 gold pieces.


   Skills:
 + Level 4.5 Dodging
 + Level 4.9 Stealth
 + Level 5.2 Spellcasting
 + Level 5.6 Conjurations
 * Level 3.4 Translocations
 - Level 1.8 Earth Magic


You had 10 spell levels left.
You knew the following spells:

 Your Spells              Type           Power      Damage    Failure   Level
a - Magic Dart            Conj           100%       1d8       1%          1
b - Searing Ray           Conj           70%        2d7       1%          2
c - Sandblast             Erth           30%        2d9       3%          1
z - Blink                 Tloc           46%        N/A       3%          2

Your spell library contained the following spells:

 Spells                   Type           Power      Damage    Failure   Level
 Stone Arrow              Conj/Erth      50%        3d10      5%          3
 Lesser Beckoning         Tloc           23%        N/A       6%          3
 Dazzling Flash           Conj/Hex       40%        N/A       8%          3
 Summon Small Mammal      Summ           24%        N/A       9%          1
 Passwall                 Tmut/Erth      9%         N/A       9%          2
 Iskenderun's Mystic Bla  Conj/Tloc      29%        2d7       12%         4
 Call Canine Familiar     Summ           6%         N/A       24%         3
 Summon Guardian Golem    Hex/Summ       6%         N/A       24%         3
 Fulminant Prism          Conj/Hex       10%        3d9       26%         4
 Manifold Assault         Tloc           23%        N/A       47%         5

Inventory:

Hand Weapons
 t - a +1 spear of venom (weapon)
Armour
 a - a +0 robe (worn)
 p - a +0 pair of boots (worn)
 s - a +0 buckler
Magical Staves
 u - a staff of fire {!a}
Wands
 v - a wand of flame (21)
Scrolls
 c - a scroll of brand weapon {unknown}
 d - a scroll of amnesia {unknown}
 e - 2 scrolls of summoning {unknown}
 f - 2 scrolls of identify {unknown}
 g - 2 scrolls of vulnerability {unknown}
 n - a scroll of poison {unknown}
 o - a scroll of enchant weapon {unknown}
 q - a scroll of immolation {unknown}
 r - a scroll of butterflies {unknown}
 y - a scroll of noise {unknown}
Potions
 b - a potion of magic
 h - 2 potions of brilliance {unknown}
 i - 3 potions of curing {unknown}
 j - 3 potions of attraction {unknown}
 k - a potion of berserk rage {unknown}
 l - a potion of resistance {unknown}
 m - 2 potions of lignification {unknown}
 w - a potion of might {unknown}
 x - a potion of degeneration {unknown}
 z - a potion of mutation {unknown}
 A - a potion of heal wounds {unknown}

Dungeon Overview and Level Annotations

Branches:
Dungeon (5/15)
 Temple: D:4-7

Altars:
Ashenzari
Dithmenos
Fedhas
Gozag
Xom

Annotations:
D:2 1 runed translucent door, Crazy Yiuf

.........#..........
........##..........
...................
###.............#...
#...............#...
##..............##...
.............####....
.....................
......Y@.............
...........##........
.......######...#.......
.......######...........
........................
........................
###.##..........)..)....
.. #...........#)####.
####...........#......


You could see an ice beast.


Message History

Press: ? - help, Shift-Dir - straight line, f/p - ice beast
Aim: an ice beast (lightly wounded, 82% to hit)
The blast of sand hits the ice beast but does no damage.
The ice beast is lightly wounded.
The ice beast hits you but does no damage.
The ice beast hits you.
* * * LOW HITPOINT WARNING * * *
The ice beast freezes you!
* * * LOW HITPOINT WARNING * * *
Casting: Sandblast (safe; 3% risk of failure)
Confirm with . or Enter, or press ? or * to list all spells.
Aiming: Sandblast (safe; 3% risk of failure)
Press: ? - help, Shift-Dir - straight line, f/p - ice beast
Aim: an ice beast (lightly wounded, 82% to hit)
The blast of sand hits the ice beast.
The ice beast is moderately wounded.
The ice beast barely misses you.
Your magical contamination has completely faded away.
Casting: Sandblast (safe; 3% risk of failure)
Confirm with . or Enter, or press ? or * to list all spells.
Aiming: Searing Ray (safe; 1% risk of failure)
Press: ? - help, Shift-Dir - straight line, f/p - ice beast
Aim: an ice beast (moderately wounded, 81% to hit)
The searing ray hits the ice beast!
The ice beast is heavily wounded. (Press . to maintain the ray.)
The ice beast hits you.
* * * LOW HITPOINT WARNING * * *
The ice beast freezes you!
You die...

Skill      XL: |  1  2  3  4  5  6 |
---------------+-------------------+-----
Stealth        | 3 4 |  4.9
Dodging        | 3 4 |  4.5
Earth Magic    | 1 |  1.8
Spellcasting   | 4 5 |  5.2
Conjurations   | 5 |  5.6
Translocations | 1 3 |  3.4

Action                   |  1- 3 |  4- 6 |  7- 9 || total
-------------------------+-------+-------+-------++-------
Melee: Unarmed           |       |    12 |       ||    12
       Spear             |       |       |     2 ||     2
 Cast: Magic Dart        |    74 |    72 |     8 ||   154
       Sandblast         |     4 |    26 |     5 ||    35
       Searing Ray       |     1 |     6 |     1 ||     8
Armor: Robe              |     1 |       |     4 ||     5
Dodge: Dodged            |     3 |    28 |     3 ||    34

Levels and vault maps discovered:
D:1:      kennysheep_arrival_seaside, layout_loops_cross, st_stairs_11,
          nicolae_eternal_life, minmay_statues_item, kennysheep_minor_cross
D:2:      layout_rooms, basic_altar, grunt_decor_clamped,
          ebering_dispersal_statue_hall, uniq_crazy_yiuf_cottage
D:3:      layout_basic, nicolae_overflow_ecumenical_swirl,
          overflow_temple_1_default, grunt_gozag_breadcrumbs,
          mainiacjoe_overflow_boulevard, grunt_ministairs_6,
          grunt_decor_one_mirror
D:4:      layout_loops_corners
D:5:      layout_basic, nicolae_ossuary_entry_plus, uniq_ijyb

Notes
Turn   | Place    | Note
-------+----------+-------------------------------------------
     0 | D:1      | kingofthe the Deep Elf Conjurer began the quest for the
                  | Orb.
     0 | D:1      | Reached XP level 1. HP: 10/10 MP: 6/6
   338 | D:1      | Reached XP level 2. HP: 15/15 MP: 0/8
   520 | D:1      | Learned a level 2 spell: Searing Ray
   573 | D:1      | Learned a level 1 spell: Sandblast
   967 | D:1      | Reached skill level 3 in Stealth
  1359 | D:2      | Reached XP level 3. HP: 19/19 MP: 6/9
  1439 | D:2      | Reached skill level 3 in Dodging
  1628 | D:2      | Reached skill level 1 in Earth Magic
  1683 | D:2      | Reached XP level 4. HP: 24/24 MP: 2/11
  1842 | D:2      | Found a shadowy altar of Dithmenos.
  2238 | D:2      | Found a runed translucent door.
  2239 | D:2      | Noticed Crazy Yiuf
  2406 | D:3      | Noticed a scorpion
  2411 | D:3      | Killed a scorpion
  2412 | D:3      | Reached skill level 4 in Spellcasting
  2412 | D:3      | Reached skill level 5 in Conjurations
  2412 | D:3      | Reached XP level 5. HP: 22/28 MP: 5/13
  2535 | D:3      | Learned a level 2 spell: Blink
  2548 | D:3      | Found a blossoming altar of Fedhas.
  2551 | D:3      | Found a broken altar of Ashenzari.
  2849 | D:3      | Found an opulent altar of Gozag.
  3183 | D:3      | Found a faded altar of an unknown god.
  3188 | D:3      | Found a shimmering altar of Xom.
  3318 | D:4      | Reached skill level 4 in Stealth
  3475 | D:4      | Reached skill level 1 in Translocations
  3812 | D:4      | Reached skill level 4 in Dodging
  3812 | D:4      | Reached XP level 6. HP: 32/32 MP: 8/15
  3924 | D:4      | Reached skill level 2 in Translocations
  4786 | D:4      | Reached skill level 5 in Spellcasting
  4838 | D:5      | Entered Level 5 of the Dungeon
  4873 | D:5      | Reached skill level 3 in Translocations
  5089 | D:5      | Reached XP level 7. HP: 36/36 MP: 9/16
  5228 | D:5      | Slain by an ice beast

Vanquished Creatures
  An ogre (D:5)
  A bullfrog (D:4)
  A necrophage (D:4)
  3 scorpions
  A gnoll bouda (D:4)
  4 gnolls
  7 adders
  3 dart slugs
  6 orcs
  8 ball pythons
  7 endoplasms
  2 giant cockroaches
  4 goblins
  6 hobgoblins
  4 jackals (D:2)
  5 quokkas
  8 bats
  3 frilled lizards (D:1)
  3 kobolds
  8 rats
85 creatures vanquished.

Vanquished Creatures (others)
  3 fungi
3 creatures vanquished.

Grand Total: 88 creatures vanquished

Table legend: (Time is in decaauts)
 A = Elapsed time spent in this place.
 B = Non-inter-level travel time spent in this place.
 C = Inter-level travel time spent in this place.
 D = Time resting spent in this place.
 E = Time spent auto-exploring this place.
 F = Levels seen in this place.
 G = Mean time per level.
                   A        B        C        D        E       F      G
               +--------+--------+--------+--------+--------+-----+--------+
         Total |   5247 |   5106 |    141 |    361 |   4203 |   5 | 1049.4 |
       Dungeon |   5247 |   5106 |    141 |    361 |   4203 |   5 | 1049.4 |
               +--------+--------+--------+--------+--------+-----+--------+

Top non-repeatable levels by time:
     D:4: 1531 daAuts
     D:1: 1296 daAuts
     D:3: 1056 daAuts
     D:2: 968 daAuts
     D:5: 394 daAuts

Table legend:
 A = Non-vault XP
 B = Vault XP
 C = Vault XP percentage of total XP
 D = Non-vault monster count
 E = Vault monster count
 F = Vault count percentage of total count
                 A         B        C        D         E       F
            +---------+---------+-------+---------+---------+-------
      Total |     834 |      18 |   2.1 |      79 |       6 |   7.1
            +---------+---------+-------+---------+---------+-------
        D:1 |      31 |       4 |  11.4 |      20 |       4 |  16.7
        D:2 |      92 |       0 |   0.0 |      25 |       0 |   0.0
        D:3 |      99 |      14 |  12.4 |      12 |       2 |  14.3
        D:4 |     387 |       0 |   0.0 |      15 |       0 |   0.0
        D:5 |     225 |       0 |   0.0 |       7 |       0 |   0.0
            +---------+---------+-------+---------+---------+-------
